[Event "Kragero Resort A 2020"]
[Site "Kragero"]
[Date "2020.02.21"]
[Round "6.23"]
[White "Radeva, Viktoria"]
[Black "Unneland, Mathias"]
[Result "1-0"]
[ECO "B33"]
[WhiteElo "2320"]
[BlackElo "2175"]
[Annotator "ChessBase"]
[PlyCount "105"]
[EventDate "2020.02.19"]
[EventType "swiss"]
[EventCountry "NOR"]
[SourceTitle "playchess.com"]
[Source "ChessBase"]
[SourceQuality "1"]
[TimeControl "5400+30"]

1. e4 c5 2. Nf3 Nc6 3. d4 cxd4 4. Nxd4 Nf6 5. Nc3 e5 6. Ndb5 d6 7. Bg5 a6 8. Na3 b5 9. Nd5 Be7 10. Bxf6 Bxf6 11. c3 O-O 12. Nc2 Rb8 13. Bd3 Bg5 14. O-O Ne7 15. Nce3 Nxd5 16. Nxd5 Be6 17. Bc2 g6 18. Qd3 Kh8 19. Rad1 a5 20. Rfe1 Bxd5 21. Qxd5 Rb6 22. Bd3 Qb8 23. Be2 Kg7 24. Bg4 Re8 25. Rd3 Re7 26. g3 h5 27. Bd1 Qb7 28. Bb3 Qxd5 29. Bxd5 Rc7 30. Red1 Kf8 31. Rf3 Kg7 32. h4 Bd8 33. Kg2 Re7 34. Kh3 Rb8 35. g4 hxg4+ 36. Kxg4 Bb6 37. Rh1 Bc5 38. h5 Rh8 39. Kg5 Rxh5+ 40. Rxh5 gxh5 41. Kxh5 b4 42. cxb4 Bxb4 43. Kg5 Bd2+ 44. Kf5 f6 45. Rg3+ Bg5 46. Rc3 Bd2 47. Rc6 Bb4 48. Rc8 Be1 49. Rg8+ Kh7 50. Kxf6 Rc7 51. Rg1 Bd2 52. Rh1+ Bh6 53. Be6 1-0

[Event "Kragero Resort A 2020"]
[Site "Kragero"]
[Date "2020.02.21"]
[Round "6.25"]
[White "Ranaldi, Lucas"]
[Black "Woithe, Daniel"]
[Result "1-0"]
[ECO "A13"]
[WhiteElo "2302"]
[BlackElo "2067"]
[Annotator "ChessBase"]
[PlyCount "61"]
[EventDate "2020.02.19"]
[EventType "swiss"]
[EventCountry "NOR"]
[SourceTitle "playchess.com"]
[Source "ChessBase"]
[SourceQuality "1"]
[TimeControl "5400+30"]

1. c4 Nf6 2. Nf3 e6 3. b3 d5 4. Bb2 c5 5. e3 Nc6 6. cxd5 exd5 7. Be2 d4 8. Bb5 Bd7 9. exd4 Nxd4 10. Nxd4 cxd4 11. Qe2+ Be7 12. Bxd4 O-O 13. Bxd7 Qxd7 14. Bc3 Bd6 15. O-O Rae8 16. Qf3 Ng4 17. g3 f5 18. h3 Bc5 19. d4 Bxd4 20. hxg4 fxg4 21. Qg2 Re2 22. Bxd4 Qxd4 23. Na3 Rfxf2 24. Rxf2 Qxa1+ 25. Kh2 Re5 26. Rf1 Qc3 27. Nc4 Rh5+ 28. Kg1 Qd4+ 29. Qf2 Qxf2+ 30. Rxf2 Rd5 31. Rd2 1-0

[Event "Kragero Resort A 2020"]
[Site "Kragero"]
[Date "2020.02.21"]
[Round "6.26"]
[White "Tunsjo, Axel"]
[Black "Khachatryan, Vahagn"]
[Result "0-1"]
[ECO "B03"]
[WhiteElo "2035"]
[BlackElo "2276"]
[Annotator "ChessBase"]
[PlyCount "64"]
[EventDate "2020.02.19"]
[EventType "swiss"]
[EventCountry "NOR"]
[SourceTitle "playchess.com"]
[Source "ChessBase"]
[SourceQuality "1"]
[TimeControl "5400+30"]

1. e4 Nf6 2. e5 Nd5 3. d4 d6 4. c4 Nb6 5. exd6 cxd6 6. Nc3 g6 7. Be3 Bg7 8. Rc1 O-O 9. Be2 d5 10. c5 Nc4 11. Bxc4 dxc4 12. Nge2 Nc6 13. O-O Bf5 14. Nb5 Bd3 15. Re1 Qa5 16. Na3 Qb4 17. d5 Na5 18. Nxc4 Bxc4 19. Qd2 Qb5 20. Nc3 Bxc3 21. Qxc3 Bxd5 22. Bh6 f6 23. Bxf8 Kxf8 24. a4 Qa6 25. Qd2 e6 26. Qf4 Kg7 27. Qc7+ Kg8 28. Rcd1 Nc6 29. h4 Ne5 30. h5 Qxa4 31. Qe7 Rf8 32. Qd6 Qg4 0-1

[Event "Kragero Resort A 2020"]
[Site "Kragero"]
[Date "2020.02.21"]
[Round "6.27"]
[White "Vitenberg, Noam Aviv"]
[Black "Pevar, Andrew"]
[Result "1-0"]
[ECO "A56"]
[WhiteElo "2276"]
[BlackElo "1998"]
[Annotator "NA"]
[PlyCount "35"]
[EventDate "2020.02.19"]
[EventType "swiss"]
[EventCountry "NOR"]
[SourceTitle "playchess.com"]
[Source "ChessBase"]
[SourceQuality "1"]
[TimeControl "5400+30"]

1. d4 Nf6 2. Nf3 c5 3. d5 d6 4. c4 e5 5. Nc3 Be7 6. e4 Nbd7 7. g3 h6 8. Bg2 Nh7 9. Be3 Bg5 10. Nxg5 hxg5 11. h4 gxh4 12. Rxh4 Ndf6 13. Bg5 Bd7 14. Qe2 Qe7 15. O-O-O O-O-O 16. Rdh1 Nxg5 17. Rxh8 Ne8 18. f4 1-0

[Event "Kragero Resort A 2020"]
[Site "Kragero"]
[Date "2020.02.22"]
[Round "7.12"]
[White "Altarbosh, Ward"]
[Black "Haug, Johannes"]
[Result "1-0"]
[ECO "B11"]
[WhiteElo "2149"]
[BlackElo "2426"]
[Annotator "ChessBase"]
[PlyCount "141"]
[EventDate "2020.02.19"]
[EventType "swiss"]
[EventCountry "NOR"]
[SourceTitle "playchess.com"]
[Source "ChessBase"]
[SourceQuality "1"]
[TimeControl "5400+30"]

1. e4 c6 2. Nf3 d5 3. Nc3 Nf6 4. e5 Ne4 5. Ne2 Qb6 6. d4 e6 7. Ng3 c5 8. c3 Nc6 9. Bd3 Nxg3 10. hxg3 cxd4 11. cxd4 Bd7 12. Kf1 h6 13. g4 Nb4 14. Be2 Rc8 15. Bd2 Nc2 16. Rb1 Bb5 17. Bc3 Nb4 18. a3 Nc6 19. g5 g6 20. Qd2 h5 21. g4 Be7 22. gxh5 gxh5 23. Bxb5 Qxb5+ 24. Kg2 Kd7 25. Rh4 Bxa3 26. Rbh1 Be7 27. Rxh5 Rhg8 28. Rh7 Rcf8 29. Qf4 Ke8 30. R7h3 Qe2 31. Rg3 a5 32. Ra1 b6 33. Re1 Qa6 34. Qd2 a4 35. Qc2 Kd7 36. Bd2 b5 37. Ra1 Rg7 38. Be3 Ra8 39. Ne1 Na5 40. Nd3 Nc4 41. Qe2 Qc6 42. f4 Nxe3+ 43. Rxe3 Qc4 44. Rc1 Qxd4 45. Nc5+ Ke8 46. Qxb5+ Kf8 47. Rcc3 Kg8 48. Nxe6 fxe6 49. Qc6 Qd2+ 50. Kf1 Qd1+ 51. Re1 Qg4 52. Qxa8+ Kf7 53. Qh8 Qxf4+ 54. Ke2 Qxe5+ 55. Kd1 Qd4+ 56. Kc1 Bxg5+ 57. Kb1 Bf4 58. Rf1 Kg6 59. Qe8+ Kg5 60. Qxe6 Rb7 61. Qg8+ Rg7 62. Qd8+ Kg4 63. Qc8+ Kg5 64. Qe6 Rg6 65. Qe7+ Kg4 66. Qe2+ Kf5 67. Qh5+ Rg5 68. Qh7+ Ke6 69. Rc6+ Ke5 70. Qe7+ Kf5 71. Qe6# 1-0

[Event "Kragero Resort A 2020"]
[Site "Kragero"]
[Date "2020.02.22"]
[Round "7.13"]
[White "Shehzad, Shazil"]
[Black "Tryggestad, Andreas Garberg"]
[Result "1-0"]
[ECO "B48"]
[WhiteElo "2144"]
[BlackElo "2380"]
[Annotator "ChessBase"]
[PlyCount "63"]
[EventDate "2020.02.19"]
[EventType "swiss"]
[EventCountry "NOR"]
[SourceTitle "playchess.com"]
[Source "ChessBase"]
[SourceQuality "1"]
[TimeControl "5400+30"]

1. e4 c5 2. Nf3 e6 3. d4 cxd4 4. Nxd4 Nc6 5. Nc3 Qc7 6. Be3 Nf6 7. a3 Be7 8. f4 d6 9. Qf3 O-O 10. O-O-O Nxd4 11. Bxd4 b6 12. Nb5 Qc6 13. Bxf6 gxf6 14. Bd3 Ba6 15. Nd4 Qb7 16. Bxa6 Qxa6 17. f5 e5 18. Nc6 Rfe8 19. Rd3 Bf8 20. Nb4 Qa4 21. Nd5 Bg7 22. h4 Rac8 23. c3 Rc5 24. g4 Qb3 25. Kb1 Ra5 26. c4 Qxc4 27. Rc1 Qa4 28. g5 Kh8 29. Qg4 Rc5 30. Rxc5 bxc5 31. gxf6 Bh6 32. Rg3 1-0

[Event "Kragero Resort A 2020"]
[Site "Kragero"]
[Date "2020.02.22"]
[Round "7.15"]
[White "Gretarsson, Helgi Ass"]
[Black "Radeva, Viktoria"]
[Result "1/2-1/2"]
[ECO "A07"]
[WhiteElo "2403"]
[BlackElo "2320"]
[Annotator "ChessBase"]
[PlyCount "74"]
[EventDate "2020.02.19"]
[EventType "swiss"]
[EventCountry "NOR"]
[SourceTitle "playchess.com"]
[Source "ChessBase"]
[SourceQuality "1"]
[TimeControl "5400+30"]

1. Nf3 d5 2. g3 c6 3. Bg2 Bg4 4. O-O Nd7 5. h3 Bxf3 6. Bxf3 Ngf6 7. d3 e5 8. Nd2 Bd6 9. e4 O-O 10. Bg2 Qc7 11. a4 Rfe8 12. g4 dxe4 13. g5 Nd5 14. Nxe4 Nf8 15. Be3 Ne6 16. a5 Ndf4 17. Qg4 Kh8 18. Ra4 Rf8 19. Kh1 Be7 20. Bf3 f5 21. gxf6 gxf6 22. Qg3 f5 23. Nd2 Rg8 24. Qh2 Bf6 25. Rg1 Rxg1+ 26. Kxg1 Rg8+ 27. Kf1 Rg6 28. h4 Qg7 29. Bxa7 Bxh4 30. Be3 Bg5 31. a6 bxa6 32. Rxa6 Rh6 33. Ra8+ Bd8 34. Qg3 Rg6 35. Qh2 Rh6 36. Qg3 Rg6 37. Qh2 Rh6 1/2-1/2

[Event "Kragero Resort A 2020"]
[Site "Kragero"]
[Date "2020.02.22"]
[Round "7.16"]
[White "Abdrlauf, Elham"]
[Black "Ranaldi, Lucas"]
[Result "0-1"]
[ECO "B19"]
[WhiteElo "2381"]
[BlackElo "2302"]
[Annotator "ChessBase"]
[PlyCount "194"]
[EventDate "2020.02.19"]
[EventType "swiss"]
[EventCountry "NOR"]
[SourceTitle "playchess.com"]
[Source "ChessBase"]
[SourceQuality "1"]
[TimeControl "5400+30"]

1. e4 c6 2. d4 d5 3. Nc3 dxe4 4. Nxe4 Bf5 5. Ng3 Bg6 6. h4 h6 7. Nf3 Nd7 8. h5 Bh7 9. Bd3 Bxd3 10. Qxd3 e6 11. Bd2 Ngf6 12. O-O-O Be7 13. Qe2 Qb6 14. Ne5 Rd8 15. Rhe1 O-O 16. Ng6 Rfe8 17. Nxe7+ Rxe7 18. Nf5 Ree8 19. Nd6 Re7 20. Qf3 Qc7 21. Nf5 Ree8 22. Nxh6+ gxh6 23. Bxh6 Qd6 24. Re5 Kh7 25. Bg5 Qe7 26. Re4 Rg8 27. Bh4 Qf8 28. Rf4 Qh6 29. Kb1 Rg5 30. Bxg5 Qxg5 31. g3 Kg7 32. Qa3 Qxh5 33. Re1 a6 34. Qd6 Qd5 35. Qc7 Rh8 36. Rh4 Rxh4 37. gxh4 Qxd4 38. Rg1+ Kf8 39. h5 Ke7 40. Qh2 Qe5 41. Qh4 Qxh5 42. Qb4+ Qc5 43. Qxb7 Qxf2 44. Rd1 Qe2 45. Rh1 Qb5 46. Qc7 Qd5 47. Re1 Qd2 48. Rc1 Qd6 49. Qa5 c5 50. Qe1 Nd5 51. Rd1 c4 52. Rd4 c3 53. bxc3 Qc5 54. Qh4+ N7f6 55. Rc4 Qb6+ 56. Kc1 Qe3+ 57. Kb2 Qb6+ 58. Kc1 Qa5 59. Qd4 Nd7 60. Kd2 N7b6 61. Rc5 Qa3 62. Rc6 Qa5 63. Rc5 Qa3 64. Rc6 Qa5 65. Rc5 Qa4 66. c4 Qb4+ 67. Kd3 Nd7 68. Rc8 Qa3+ 69. Ke2 Qc3 70. Qxc3 Nxc3+ 71. Kd3 Na4 72. Kd4 Kd6 73. Rh8 Nac5 74. Rh6 f6 75. Kc3 f5 76. Kd4 Ne5 77. Rh8 Nf7 78. Rf8 e5+ 79. Kc3 Ke7 80. Rc8 Nd6 81. Rc7+ Ke6 82. Kb4 Nde4 83. Rc6+ Kd7 84. Rh6 f4 85. Rh5 Ke6 86. Rh6+ Kf5 87. Rh5+ Kf6 88. Rh8 Kg6 89. Re8 Kf5 90. Rf8+ Kg4 91. Rg8+ Kf5 92. Rf8+ Ke6 93. a4 Nd7 94. Ra8 Nec5 95. Rh8 f3 96. Rh3 e4 97. Kc3 f2 0-1

[Event "Kragero Resort A 2020"]
[Site "Kragero"]
[Date "2020.02.22"]
[Round "7.17"]
[White "Khachatryan, Vahagn"]
[Black "Stanford, Maxim Barth"]
[Result "0-1"]
[ECO "A48"]
[WhiteElo "2276"]
[BlackElo "2339"]
[Annotator "ChessBase"]
[PlyCount "74"]
[EventDate "2020.02.19"]
[EventType "swiss"]
[EventCountry "NOR"]
[SourceTitle "playchess.com"]
[Source "ChessBase"]
[SourceQuality "1"]
[TimeControl "5400+30"]

1. d4 Nf6 2. Nf3 c5 3. e3 g6 4. Be2 Bg7 5. O-O O-O 6. b3 cxd4 7. Nxd4 e5 8. Nf3 Nc6 9. Bb2 d6 10. c4 Qe7 11. Nc3 Be6 12. Ba3 Rfd8 13. Nd2 Qc7 14. Nde4 Nxe4 15. Nxe4 d5 16. Ng5 Bf5 17. cxd5 e4 18. dxc6 Rxd1 19. Raxd1 h6 20. cxb7 Qxb7 21. Nh3 g5 22. g4 Be6 23. f4 Qb6 24. Kf2 Qa5 25. Bd6 Qxa2 26. fxg5 Bxg4 27. Nf4 hxg5 28. Rg1 gxf4 29. Rxg4 f3 30. Re1 Re8 31. Bc5 Re6 32. Bd4 Rg6 33. Rxe4 fxe2 34. Bxg7 Kxg7 35. Rxe2 Rf6+ 36. Rf4 Rxf4+ 37. exf4 Qxb3 0-1

[Event "Kragero Resort A 2020"]
[Site "Kragero"]
[Date "2020.02.22"]
[Round "7.18"]
[White "Alinasab, Mobina"]
[Black "Vitenberg, Noam Aviv"]
[Result "1-0"]
[ECO "B11"]
[WhiteElo "2333"]
[BlackElo "2276"]
[Annotator "ChessBase"]
[PlyCount "77"]
[EventDate "2020.02.19"]
[EventType "swiss"]
[EventCountry "NOR"]
[SourceTitle "playchess.com"]
[Source "ChessBase"]
[SourceQuality "1"]
[TimeControl "5400+30"]

1. e4 c6 2. Nc3 d5 3. Nf3 dxe4 4. Nxe4 Nf6 5. Qe2 Nxe4 6. Qxe4 Qa5 7. b4 Qf5 8. Qe3 e6 9. a3 Be7 10. c4 Nd7 11. Bb2 O-O 12. Bd3 Qh5 13. g4 Qh3 14. Rg1 e5 15. c5 b6 16. cxb6 axb6 17. Be4 Nf6 18. Rg3 Nxg4 19. Rxh3 Nxe3 20. Bxh7+ Kh8 21. Bf5+ Kg8 22. Bxc8 Nc4 23. Bf5 g6 24. Bc3 gxf5 25. Rg3+ Kh7 26. Nxe5 Nxe5 27. Bxe5 Rfe8 28. Rh3+ Kg6 29. Kd1 Bg5 30. Bc3 Rad8 31. Kc2 Re2 32. f4 Bxf4 33. Rg1+ Bg5 34. Rhg3 f6 35. h4 f4 36. Rg4 Rd5 37. Rxf4 Re1 38. Rxf6+ Kh7 39. Rxg5 1-0

[Event "Kragero Resort A 2020"]
[Site "Kragero"]
[Date "2020.02.22"]
[Round "7.20"]
[White "Fossan, Aleksander"]
[Black "Sriram, Jha"]
[Result "1/2-1/2"]
[ECO "B06"]
[WhiteElo "2193"]
[BlackElo "2383"]
[Annotator "ChessBase"]
[PlyCount "43"]
[EventDate "2020.02.19"]
[EventType "swiss"]
[EventCountry "NOR"]
[SourceTitle "playchess.com"]
[Source "ChessBase"]
[SourceQuality "1"]
[TimeControl "5400+30"]

1. e4 c5 2. c3 d5 3. exd5 Qxd5 4. d4 g6 5. Nf3 Bg7 6. Nbd2 cxd4 7. Bc4 Qd8 8. Nxd4 Nf6 9. O-O O-O 10. Re1 Nbd7 11. N2f3 Qc7 12. Qe2 e5 13. Nb5 Qc6 14. Be3 a6 15. Na7 Qc7 16. Nxc8 Raxc8 17. Bb3 e4 18. Nd2 Rfe8 19. Qc4 Ne5 20. Qxc7 Rxc7 21. Bf4 Rce7 22. Nxe4 1/2-1/2

[Event "Kragero Resort A 2020"]
[Site "Kragero"]
[Date "2020.02.22"]
[Round "7.21"]
[White "Birkisson, Bardur Orn"]
[Black "Vestby-Ellingsen, Mads"]
[Result "0-1"]
[ECO "A48"]
[WhiteElo "2186"]
[BlackElo "2357"]
[Annotator "ChessBase"]
[PlyCount "116"]
[EventDate "2020.02.19"]
[EventType "swiss"]
[EventCountry "NOR"]
[SourceTitle "playchess.com"]
[Source "ChessBase"]
[SourceQuality "1"]
[TimeControl "5400+30"]

1. d4 Nf6 2. Nf3 g6 3. Bg5 Bg7 4. Nbd2 O-O 5. c3 d6 6. e4 c5 7. dxc5 dxc5 8. Bc4 Nc6 9. O-O Qc7 10. Re1 h6 11. Bxf6 exf6 12. Nf1 Re8 13. h3 Bd7 14. Ne3 Rad8 15. Qc2 Na5 16. Bd5 b5 17. Rad1 Nb7 18. Nh4 Be6 19. a4 a6 20. axb5 axb5 21. Qe2 Nd6 22. Qf3 Qc8 23. Ra1 Qd7 24. Red1 Bxd5 25. Rxd5 Qc8 26. Rad1 Nb7 27. Rxd8 Rxd8 28. Nd5 Qe6 29. Qg4 Kh7 30. Qf3 Na5 31. Qe3 Nb3 32. f4 Qa6 33. f5 g5 34. Nf3 Qa4 35. Qe2 Re8 36. Re1 Qa7 37. Nh2 c4+ 38. Kh1 Qd7 39. Rd1 Qc6 40. Qg4 Nc5 41. Rd4 Nd3 42. Qh5 Rxe4 43. Rxe4 Nf2+ 44. Kg1 Nxe4 45. Ne3 Qe8 46. Qd1 Nxc3 47. Qd2 Ne4 48. Qc2 Nc5 49. Qd2 Nd3 50. b3 Qe4 51. bxc4 bxc4 52. Nhf1 Bf8 53. Kh1 Bc5 54. Ng4 Qxf5 55. Nfe3 Bxe3 56. Nxe3 Qe4 57. Ng4 Kg7 58. Ne3 c3 0-1

[Event "Kragero Resort A 2020"]
[Site "Kragero"]
[Date "2020.02.22"]
[Round "7.22"]
[White "Kjartansson, David"]
[Black "Sjoberg, Isak"]
[Result "1/2-1/2"]
[ECO "A45"]
[WhiteElo "2356"]
[BlackElo "2218"]
[Annotator "ChessBase"]
[PlyCount "64"]
[EventDate "2020.02.19"]
[EventType "swiss"]
[EventCountry "NOR"]
[SourceTitle "playchess.com"]
[Source "ChessBase"]
[SourceQuality "1"]
[TimeControl "5400+30"]

1. d4 Nf6 2. Bf4 g6 3. Nc3 d5 4. e3 Bg7 5. h4 c5 6. Nf3 O-O 7. Ne5 h5 8. Qd2 Nc6 9. Nxc6 bxc6 10. f3 cxd4 11. exd4 c5 12. dxc5 e5 13. Bg5 d4 14. Ne4 Nxe4 15. fxe4 Qc7 16. Bh6 Qxc5 17. Bxg7 Kxg7 18. Bd3 f5 19. O-O-O f4 20. Kb1 Rb8 21. Rc1 Be6 22. c4 a5 23. Ka1 Rb4 24. Rc2 Rc8 25. Rhc1 Bd7 26. Qe2 Rcb8 27. Rd2 Be6 28. Rdc2 Ra4 29. Qd1 Rab4 30. Qe2 R4b7 31. Qf2 Rf8 32. Rf1 Rbf7 1/2-1/2

[Event "Kragero Resort A 2020"]
[Site "Kragero"]
[Date "2020.02.22"]
[Round "7.23"]
[White "Kizatbay, Abyl"]
[Black "Thorgeirsson, Jon Kristinn"]
[Result "1/2-1/2"]
[ECO "C65"]
[WhiteElo "2142"]
[BlackElo "2269"]
[Annotator "ChessBase"]
[PlyCount "76"]
[EventDate "2020.02.19"]
[EventType "swiss"]
[EventCountry "NOR"]
[SourceTitle "playchess.com"]
[Source "ChessBase"]
[SourceQuality "1"]
[TimeControl "5400+30"]

1. e4 e5 2. Nf3 Nc6 3. Bb5 Nf6 4. d3 Ne7 5. d4 c6 6. dxe5 Nxe4 7. Bd3 Qa5+ 8. c3 d5 9. exd6 Nxd6 10. Bf4 Nd5 11. Bd2 Qb6 12. c4 Nb4 13. Bxb4 Qxb4+ 14. Nbd2 Be6 15. Qc2 O-O-O 16. O-O Qc5 17. Rfe1 Qh5 18. Re5 g5 19. c5 Ne8 20. Rxg5 Qh6 21. b4 Be7 22. Rg3 Nc7 23. Bf5 Qf6 24. Bxe6+ Nxe6 25. Re1 Rd5 26. Nc4 h5 27. Nfe5 h4 28. Rf3 Nd4 29. Rxf6 Nxc2 30. Rxf7 Nxe1 31. Rxe7 h3 32. gxh3 Kb8 33. Kf1 Nc2 34. Nd6 Nxb4 35. Nef7 Rh4 36. Re8+ Kc7 37. Re7+ Kb8 38. Re8+ Kc7 1/2-1/2

[Event "Kragero Resort A 2020"]
[Site "Kragero"]
[Date "2020.02.22"]
[Round "7.24"]
[White "Doluhanova, Evgeniya"]
[Black "Kvaloy, Aksel Bu"]
[Result "1-0"]
[ECO "A12"]
[WhiteElo "2258"]
[BlackElo "2174"]
[Annotator "ChessBase"]
[PlyCount "97"]
[EventDate "2020.02.19"]
[EventType "swiss"]
[EventCountry "NOR"]
[SourceTitle "playchess.com"]
[Source "ChessBase"]
[SourceQuality "1"]
[TimeControl "5400+30"]

1. Nf3 d5 2. b3 c6 3. Bb2 Nf6 4. c4 Bg4 5. e3 e6 6. h3 Bh5 7. Be2 h6 8. d3 Nbd7 9. Nbd2 Bg6 10. O-O Bd6 11. e4 dxe4 12. Nxe4 Bxe4 13. dxe4 Qc7 14. Qc2 O-O 15. Rfd1 e5 16. a3 a5 17. Bc3 Nc5 18. Bd3 Qe7 19. Rab1 Rfd8 20. b4 Nxd3 21. Rxd3 axb4 22. axb4 Nh5 23. g3 Qe6 24. Rbd1 Qxc4 25. Nxe5 Qxe4 26. Qb3 Bxe5 27. Rxd8+ Kh7 28. Bxe5 Rxd8 29. Rxd8 Qxe5 30. Qd3+ g6 31. Rd7 Kg7 32. Rxb7 Nf6 33. Qf3 Qe6 34. Qe3 Qd5 35. Re7 Qd6 36. Qc5 Qd1+ 37. Kg2 Qd8 38. Ra7 Qb8 39. Qe7 Qg8 40. Rc7 Nd5 41. Qe5+ Kh7 42. Rb7 Qf8 43. Rb8 Qg7 44. Qe8 h5 45. Rb7 Qb2 46. Rxf7+ Kh6 47. Qf8+ Kg5 48. h4+ Kg4 49. Qc8# 1-0

[Event "Kragero Resort A 2020"]
[Site "Kragero"]
[Date "2020.02.22"]
[Round "7.25"]
[White "Heimisson, Hilmir Freyr"]
[Black "Skotheim, Andreas"]
[Result "1-0"]
[ECO "A81"]
[WhiteElo "2250"]
[BlackElo "2140"]
[Annotator "ChessBase"]
[PlyCount "133"]
[EventDate "2020.02.19"]
[EventType "swiss"]
[EventCountry "NOR"]
[SourceTitle "playchess.com"]
[Source "ChessBase"]
[SourceQuality "1"]
[TimeControl "5400+30"]

1. d4 f5 2. g3 Nf6 3. Bg2 g6 4. c3 Nc6 5. h4 e5 6. dxe5 Nxe5 7. Nh3 c6 8. Nf4 d5 9. Nd2 Bd6 10. Nf3 Nfg4 11. Nxe5 Nxe5 12. Nd3 Qf6 13. Bg5 Qg7 14. Nxe5 Bxe5 15. Qd2 h6 16. Be3 Be6 17. O-O-O b6 18. Kb1 O-O-O 19. Bf3 Bf6 20. Bd4 g5 21. Bxf6 Qxf6 22. Qd4 Qxd4 23. Rxd4 Kc7 24. e3 a5 25. Kc2 Kd6 26. c4 Kc5 27. cxd5 Bxd5 28. Bxd5 cxd5 29. Kd3 Kd6 30. hxg5 hxg5 31. Rxh8 Rxh8 32. g4 Rf8 33. Ke2 Ke5 34. gxf5 Rxf5 35. Rg4 Kf6 36. b4 a4 37. b5 d4 38. Rxd4 Rxb5 39. Rxa4 Rb2+ 40. Kf3 Kf5 41. a3 Rb3 42. Rb4 Rxa3 43. Rb5+ Kf6 44. Rxb6+ Kf5 45. Rb5+ Kf6 46. Ke4 Ra4+ 47. Kf3 Ra3 48. Rd5 Rb3 49. Kg4 Rb4+ 50. Rd4 Rb2 51. Kg3 Rb3 52. Re4 Ra3 53. f3 Ra2 54. Rb4 Ra3 55. Rb6+ Ke5 56. Rb5+ Kf6 57. e4 Ra2 58. Rb6+ Kf7 59. Rd6 Ra3 60. Kg4 Rb3 61. Rd5 Kf6 62. Rf5+ Ke6 63. Kxg5 Rb1 64. Kf4 Re1 65. Ra5 Re2 66. Ra6+ Ke7 67. Kf5 1-0

[Event "Kragero Resort A 2020"]
[Site "Kragero"]
[Date "2020.02.22"]
[Round "7.26"]
[White "Stanford, Sheila Barth"]
[Black "Nordquelle, Daniel"]
[Result "0-1"]
[ECO "D00"]
[WhiteElo "2145"]
[BlackElo "2242"]
[Annotator "ChessBase"]
[PlyCount "112"]
[EventDate "2020.02.19"]
[EventType "swiss"]
[EventCountry "NOR"]
[SourceTitle "playchess.com"]
[Source "ChessBase"]
[SourceQuality "1"]
[TimeControl "5400+30"]

1. d4 d5 2. Bf4 Nf6 3. e3 c5 4. Nc3 Nc6 5. Nb5 Kd7 6. dxc5 e6 7. Bc7 Qe8 8. Bd6 Qd8 9. Bc7 Qe8 10. Bg3 Qd8 11. Nc7 Rb8 12. Nb5 Ra8 13. Nf3 Bxc5 14. Ne5+ Nxe5 15. Bxe5 a6 16. Nd4 Ke7 17. Bd3 Ne8 18. c3 f6 19. Bg3 Nd6 20. Qg4 Kf7 21. Nb3 Ba7 22. Bxd6 Qxd6 23. Qh5+ Ke7 24. g4 h6 25. g5 fxg5 26. h4 Bd7 27. hxg5 Qe5 28. gxh6 Qxh5 29. Rxh5 Rxh6 30. Rg5 Kf6 31. Rg1 g5 32. Be2 Rh2 33. Nd2 Rg8 34. Rd1 Ba4 35. b3 Bc6 36. c4 dxc4 37. Nxc4 Bc5 38. Bg4 Rf8 39. Rf1 Ke7 40. a3 Bg2 41. Ne5 Rf6 42. Rg1 Bxa3 43. Rd7+ Ke8 44. Rg7 Bd5 45. Rg8+ Ke7 46. f4 Bb4+ 47. Kf1 gxf4 48. e4 Bxe4 49. Rg7+ Kd6 50. Nc4+ Kc6 51. Be2 f3 52. Ne5+ Kd5 53. Nxf3 Bxf3 54. R1g5+ Kd6 55. Bxf3 Rxf3+ 56. Kg1 Rb2 0-1

[Event "Kragero Resort A 2020"]
[Site "Kragero"]
[Date "2020.02.22"]
[Round "7.27"]
[White "Ingebretsen, Jens E"]
[Black "Mansoor, Afras"]
[Result "1-0"]
[ECO "C55"]
[WhiteElo "2241"]
[BlackElo "2105"]
[Annotator "ChessBase"]
[PlyCount "55"]
[EventDate "2020.02.19"]
[EventType "swiss"]
[EventCountry "NOR"]
[SourceTitle "playchess.com"]
[Source "ChessBase"]
[SourceQuality "1"]
[TimeControl "5400+30"]

1. e4 e5 2. Nf3 Nc6 3. Bc4 Bc5 4. O-O Nf6 5. d3 O-O 6. c3 d5 7. exd5 Nxd5 8. Re1 Bg4 9. h3 Bh5 10. Nbd2 Nb6 11. Bb5 Bd6 12. a4 a6 13. Bxc6 bxc6 14. Ne4 f5 15. Ng3 Bxf3 16. Qxf3 Qd7 17. Nf1 Rae8 18. Be3 Nd5 19. Rad1 Ne7 20. a5 Ng6 21. Bc1 Rf7 22. Ne3 Bc5 23. Nc4 Qe6 24. Qe2 f4 25. Nd2 Qe7 26. Nf3 Qf6 27. Qe4 Rfe7 28. Qc4+ 1-0

[Event "Kragero Resort A 2020"]
[Site "Kragero"]
[Date "2020.02.22"]
[Round "7.28"]
[White "Unneland, Mathias"]
[Black "Eliseev, Sergey"]
[Result "1/2-1/2"]
[ECO "B65"]
[WhiteElo "2175"]
[BlackElo "1947"]
[Annotator "ChessBase"]
[PlyCount "62"]
[EventDate "2020.02.19"]
[EventType "swiss"]
[EventCountry "NOR"]
[SourceTitle "playchess.com"]
[Source "ChessBase"]
[SourceQuality "1"]
[TimeControl "5400+30"]

1. e4 c5 2. Nf3 d6 3. d4 Nf6 4. Nc3 cxd4 5. Nxd4 Nc6 6. Bg5 e6 7. Qd2 Be7 8. O-O-O O-O 9. f4 Nxd4 10. Qxd4 Qa5 11. e5 dxe5 12. Qxe5 Qxe5 13. fxe5 Nd5 14. Bxe7 Nxe7 15. Bd3 Nd5 16. Nxd5 exd5 17. Be2 Be6 18. Bf3 Rfd8 19. Rd4 Rd7 20. Rhd1 Rad8 21. c4 Rc8 22. Kb1 Bf5+ 23. Ka1 Rxc4 24. Rxc4 dxc4 25. Rxd7 Bxd7 26. Bxb7 Kf8 27. Bd5 Ke7 28. Kb1 Be6 29. Be4 Bd7 30. Bd5 Be6 31. Be4 Bd7 1/2-1/2

[Event "Kragero Resort A 2020"]
[Site "Kragero"]
[Date "2020.02.22"]
[Round "8.1"]
[White "Gharibyan, Mamikon"]
[Black "Holm, Kristian Stuvik"]
[Result "1/2-1/2"]
[ECO "D85"]
[WhiteElo "2405"]
[BlackElo "2467"]
[Annotator "ChessBase"]
[PlyCount "26"]
[EventDate "2020.02.19"]
[EventType "swiss"]
[EventCountry "NOR"]
[SourceTitle "playchess.com"]
[Source "ChessBase"]
[SourceQuality "1"]
[TimeControl "5400+30"]

1. d4 Nf6 2. c4 g6 3. Nc3 d5 4. cxd5 Nxd5 5. e4 Nxc3 6. bxc3 Bg7 7. Be3 c5 8. Rc1 Qa5 9. Qd2 cxd4 10. cxd4 Qxd2+ 11. Kxd2 O-O 12. Bb5 Rd8 13. Ne2 Nc6 1/2-1/2

[Event "Kragero Resort A 2020"]
[Site "Kragero"]
[Date "2020.02.22"]
[Round "8.11"]
[White "Stanford, Maxim Barth"]
[Black "Kaasen, Tor Fredrik"]
[Result "1-0"]
[ECO "A45"]
[WhiteElo "2339"]
[BlackElo "2393"]
[Annotator "ChessBase"]
[PlyCount "73"]
[EventDate "2020.02.19"]
[EventType "swiss"]
[EventCountry "NOR"]
[SourceTitle "playchess.com"]
[Source "ChessBase"]
[SourceQuality "1"]
[TimeControl "5400+30"]

1. d4 Nf6 2. Bf4 c5 3. d5 b5 4. c4 e6 5. dxe6 fxe6 6. cxb5 a6 7. e4 axb5 8. Nc3 Qa5 9. Bxb5 Nxe4 10. Nge2 Be7 11. O-O Nf6 12. Bd6 Ba6 13. a4 Qb6 14. Bxe7 Kxe7 15. Nf4 Bb7 16. Re1 Kf7 17. Nh5 Rg8 18. Re3 Nc6 19. Nxf6 gxf6 20. Qh5+ Kg7 21. Ne4 Ne5 22. Rg3+ Ng6 23. Rd1 d5 24. Rh3 Rh8 25. Qh6+ Kf7 26. Nxf6 d4 27. Nh5 Rag8 28. Qg5 Qd8 29. Qxc5 Bxg2 30. Rg3 Nh4 31. Nf4 Be4 32. Be2 Nf5 33. Qe5 Nxg3 34. hxg3 Bd5 35. Bh5+ Kf8 36. Rxd4 Qg5 37. Rxd5 1-0